 Dungeon Crawl Stone Soup version bcrawl-1.37 (webtiles) character file.

Game seed: 10364615071100962857

49808 duje the Stinger (level 1, 10/10 HPs)
             Began as a Vine Stalker Venom Mage on June 28, 2022.
             Quit the game on level 1 of the Dungeon on Sept 26, 2022.
             The game lasted 00:09:14 (1021 turns).

duje the Stinger (Vine Stalker Venom Mage)          Turns: 1021, Time: 00:09:14

Health: 10/10      AC:  2    Str: 10    XL:     1   Next: 90%
Magic:  3/4        EV: 12    Int: 15    God:
Gold:   13         SH:  0    Dex: 14    Spells: 3/4 levels left

rFire    . . .     GDR:     26%   - Fists (3.0)
rCold    . . .     SeeInvis .   (no shield)
rNeg     . . .     Gourm    .   a - +0 robe
rPois    .         Faith    .   (no helmet)
rElec    .         Spirit   .   (no cloak)
rCorr    .         Reflect  .   (no gloves)
MR       .....                  (no boots)
Stlth    ++........             (no amulet)
HPRegen  0.43/turn              (no ring)
MPRegen  0.09/turn              (no ring)

@: no status effects
A: fangs 2, regeneration 1, no potion heal 3, rot immunity, strong jaws
a: no special abilities


You were on level 1 of the Dungeon.
You were not hungry.

You visited 1 branch of the dungeon, and saw 1 of its levels.

You collected 13 gold pieces.

Inventory:

Missiles
 f - 283 bolts
 j - 31 curare-tipped needles
 k - 67 needles of frenzy {=f}
Armour
 a - a +0 robe (worn)
 g - a +0 pair of gloves
Scrolls
 b - 3 scrolls of teleportation {unknown}
 i - a scroll of identify
Potions
 c - a potion of berserk rage
 d - a potion of degeneration
 h - a potion of brilliance {unknown}
Comestibles
 e - a ration {!d}


   Skills:
 + Level 2.3 Dodging
 + Level 3.0 Stealth
 + Level 2.2 Spellcasting
 + Level 1.0 Conjurations
 + Level 3.3 Poison Magic


You had 3 spell levels left.
You knew the following spells:

 Your Spells              Type           Power        Failure   Level  Hunger
a - Sting                 Conj/Pois      #...         9%          1    None

Your spell library contained the following spells:

 Spells                   Type           Power        Failure   Level  Hunger
 Poisonous Vapours        Pois/Air       #.....       17%         2    ##.....
 Ignite Poison            Fire/Tmut/Pois #.......     38%         3    ####...
 Olgreb's Toxic Radiance  Pois           ##.......    50%         4    ######.
 Summon Scorpions         Summ/Pois      #.......     73%         4    ######.
 Venom Bolt               Conj/Pois      #.........   94%         5    #######


Dungeon Overview and Level Annotations

Branches:
Dungeon (1/12)

Altars:


Innate Abilities, Weirdness & Mutations

You have extremely sharp teeth.
Your natural rate of healing is unusually fast.
Potions cannot restore your health.
You are immune to rotting.
Your bites deal extra damage.


Message History

Magic restored.
You see here a ring mail.
A hobgoblin comes into view.
The hobgoblin shouts!
Casting: Sting (safe; 9% risk of failure)
Confirm with . or Enter, or press ? or * to list all spells.
Aiming: Sting (safe; 9% risk of failure)
Press: ? - help, Shift-Dir - straight line, f - hobgoblin
Aim: a hobgoblin The sting hits the hobgoblin.
The hobgoblin is poisoned.
The hobgoblin is moderately wounded.
You hit the hobgoblin.
You kill the hobgoblin!
Okay, then.
Welcome back, duje the Vine Stalker Venom Mage.
Press m to set your skill training.
Press ? for a list of commands and other information.
Saving game... please wait.
Welcome back, duje the Vine Stalker Venom Mage.
Press m to set your skill training.
Press ? for a list of commands and other information.
Are you sure you want to abandon this character and quit the game? (Confirm with "yes".)

#... ##..#.# #... ......
##.†. #..#.# ####..8.
#..#.# ####....... #..#.#
#.+.....8.<.
#..#.###..###.......
#..........#####..8.
#..@.......... ##...
##.##.#...#..## #...
.............# #...
............#..# ##.#
.####.##.#.#.# .# #.#
#.##.#.#.#..##. ##'#
#.####.##.#.........##..#
#........................
######.##.#...#..#..###..


There were no monsters in sight!

Vanquished Creatures
  A leopard gecko (D:1)
  A bat (D:1)
  A hobgoblin (D:1)
  A goblin (D:1)
  A rat (D:1)
5 creatures vanquished.

Notes
Turn   | Place    | Note
-------+----------+-------------------------------------------
     0 | D:1      | duje the Vine Stalker Venom Mage began the quest for the
                  | Orb.
     0 | D:1      | Reached XP level 1. HP: 10/10 MP: 4/4
  1021 | D:1      | Upgraded the game from bcrawl-1.36.4 to bcrawl-1.37
  1021 | D:1      | Quit the game

Action                   || total
-------------------------++-------
Melee: Unarmed           ||     9
       Bite              ||     1
 Cast: Sting             ||     3
Armor: Robe              ||     5
Dodge: Dodged            ||     4
